 Dungeon Crawl Stone Soup version 0.26.0-10-g1f06aea511 (webtiles) character file.

Game seed: 16259553726071801295

150917 wakim the Warrior (level 16, -8/161 (162) HPs)
             Began as a Minotaur Fighter on Jan 18, 2021.
             Was the Champion of Trog.
             Mangled by a phantasmal warrior (17 damage)
             ... on level 3 of the Swamp.
             The game lasted 01:38:36 (24312 turns).

wakim the Warrior (Minotaur Fighter)               Turns: 24312, Time: 01:38:37

HP:   -8/161 (162)  AC: 36    Str: 36    XL:     16   Next: 99%
MP:   15/15         EV: 11    Int:  5    God:    Trog [******]
Gold: 1818          SH: 30    Dex: 10    Spells: 15/15 levels left

rFire    + . .     SeeInvis .   a - +8 demon blade "Leech" {vamp, *Rage +Rage rN+}
rCold    . . .     Faith    .   R - +2 tower shield
rNeg     + . .     Spirit   .   e - +9 plate armour of the Ten Scars {rElec Str+5 Slay-4}
rPois    +         Reflect  +   (helmet unavailable)
rElec    +         Harm     .   y - +2 cloak
rCorr    .         Rampage  .   X - +2 pair of gloves {Str+3}
Will     +....     Rnd*Rage +   I - +1 pair of boots
Stlth    ..........             p - amulet of reflection
HPRegen  1.36/turn              S - ring of poison resistance
MPRegen  0.14/turn              A - ring of protection from fire

@: weak-willed, berserk cooldown, regenerating (expiring), studying Fighting,
lightly drained
A: retaliatory headbutt, horns 3, poison resistance, evolution 1, MP-powered
wands
a: Renounce Religion, Evoke Berserk Rage, Berserk, Trog's Hand, Brothers in Arms


You were on level 3 of the Swamp.
You worshipped Trog.
Trog was exalted by your worship.
You visited 5 branches of the dungeon, and saw 28 of its levels.
You also visited: Gauntlet and Volcano.

You collected 2490 gold pieces.
You spent 672 gold pieces at shops.

Inventory:

Hand Weapons
 a - the +8 demon blade "Leech" (weapon) {vamp, *Rage +Rage rN+}
   (You found it on level 4 of the Dungeon)

   It inflicts no extra harm, but heals its wielder when it wounds a living foe.
   It protects you from negative energy.
   It lets you go berserk.
   It may make you go berserk in combat.
 b - a +3 war axe of flaming
 J - a +6 double sword
 N - a +3 demon blade
Armour
 e - the +9 plate armour of the Ten Scars (worn) {rElec Str+5 Slay-4}
   (You bought it in a shop on level 12 of the Dungeon)

   It affects your strength (+5).
   It affects your accuracy and damage with ranged weapons and melee attacks
   (-4).
   It insulates you from electricity.
 j - the +0 cloak "Buokh" {rElec Int+2}
   (You found it in a Gauntlet)

   It affects your intelligence (+2).
   It insulates you from electricity.
 w - a scarf of invisibility
 y - a +2 cloak (worn)
 I - a +1 pair of boots (worn)
 K - a +1 hat
 L - a +2 scale mail of cold resistance
 R - a +2 tower shield (worn)
 X - a +2 pair of gloves of strength (worn)
Jewellery
 d - an uncursed ring of willpower
 p - an amulet of reflection (around neck)
 s - a +6 ring of dexterity
 z - an uncursed ring of protection from cold
 A - a ring of protection from fire (right hand)
 D - an uncursed ring of resist corrosion
 Q - an uncursed amulet of regeneration
 S - a ring of poison resistance (left hand)
Wands
 l - a wand of acid (14)
 E - a wand of flame (59)
 G - a wand of paralysis (21)
 H - a wand of disintegration (16)
 O - a wand of iceblast (6)
 U - a wand of enslavement (6)
Scrolls
 c - 3 scrolls of enchant armour
 g - 8 scrolls of identify
 i - 5 scrolls of fog
 k - 16 scrolls of remove curse
 m - 5 scrolls of enchant weapon
 o - 14 scrolls of teleportation
 u - 8 scrolls of immolation
 B - a scroll of holy word
 C - 3 scrolls of fear
 F - 4 scrolls of magic mapping
 T - a scroll of blinking
Potions
 f - 4 potions of resistance
 h - 2 potions of invisibility
 n - 16 potions of curing
 q - 4 potions of flight
 r - 7 potions of heal wounds
 t - a potion of cancellation
 x - 6 potions of haste
 M - 2 potions of magic
 P - 9 potions of ambrosia
 V - 2 potions of might
Books
 W - a manual of Fighting


   Skills:
 * Level 19.8 Fighting
 - Level 16.0 Long Blades
 - Level 8.0 Axes
 + Level 15.6 Armour
 - Level 10.0 Dodging
 + Level 15.6 Shields
 + Level 9.0 Evocations


You had 15 spell levels left.
You didn't know any spells.
Your spell library was empty.

Dungeon Overview and Level Annotations

Branches:
Dungeon (15/15)            Temple (1/1) D:5            Lair (6/6) D:8
  Swamp (4/4) Lair:3       Spider (0/4) Lair:3        Slime (0/5) Lair:5
    Orc (2/2) D:9             Elf (0/3) Orc:2        Vaults (0/5) D:14
 Depths (0/5) D:15        Volcano (visited)         Gauntlet (visited)

Altars:
Elyvilon
Fedhas
Hepliaklqana
Kikubaaqudgha
Makhleb
Nemelex Xobeh
Okawaru
Sif Muna
Trog
Uskayaw
Vehumet
Xom
The Shining One
Beogh

Shops:
D:9 (   D:10 :   D:12 [   Orc:2 }[?}

Portals:
Trove: D:11 (give 5 potions of resistance)

Annotations:
D:13 3 runed translucent doors


Innate Abilities, Weirdness & Mutations

You reflexively headbutt those who attack you in melee.
You have a pair of large horns on your head.
Your system is resistant to poisons. (rPois)
You evolve.
You expend magic power (3 MP) to strengthen your wands.


Message History

You hit the spectral seven-headed hydra.
You headbutt the spectral seven-headed hydra, but do no damage.
The spectral seven-headed hydra is almost destroyed.
The phantasmal warrior hits you!
* * * LOW HITPOINT WARNING * * *
You block the spectral seven-headed hydra's attack. x3
The spectral seven-headed hydra bites you!
* * * LOW HITPOINT WARNING * * *
The spectral seven-headed hydra bites you but does no damage. x2
The spectral seven-headed hydra barely misses you.
You slice the spectral seven-headed hydra!!
You destroy the spectral seven-headed hydra!
Trog accepts your kill.
You block the phantasmal warrior's attack.
You slash the phantasmal warrior!
You headbutt the phantasmal warrior, but do no damage.
The phantasmal warrior is almost destroyed.
You feel yourself speed up. The phantasmal warrior hits you!
You die...

♣♣.♣ ♣§.♣♣≈.♣ ♣≈♣...♣...≈.♣.♣
♣ ♣≈♣♣ ♣^≈♣♣♣.♣♣
♣≈≈..♣.≈≈≈≈≈≈.♣ ♣ ♣.♣ ♣.≈♣
♣..♣♣♣..≈≈≈≈..≈≈§≈.♣ ♣ ♣♣♣
♣.≈♣ ♣...≈≈≈....≈♣≈≈.≈♣§♣ ♣
♣.≈♣ ♣..≈≈.≈≈^?≈≈♣≈.≈≈≈≈♣♣
♣.≈♣♣♣...≈≈≈§)....≈≈≈≈>≈≈♣
♣≈≈.♣♣......≈≈.≈≈..≈≈≈...♣ ♣
♣..♣♣..≈≈♣W.♣≈..≈≈.≈≈≈≈§.♣♣♣
♣♣..♣♣.≈.♣♣♣@..≈≈♣♣.≈♣♣.≈.♣..
♣≈≈>♣♣≈≈≈♣ ♣...≈≈≈§..≈≈..≈.(≈
♣♣..♣...♣♣ ♣♣≈≈♣≈≈≈≈≈≈≈.≈≈..≈
♣...♣...♣ ♣♣.≈.≈♣.≈≈≈≈..≈≈≈
♣♣.<...♣♣ ♣.≈..≈≈≈≈§≈≈≈.≈≈
♣♣≈≈≈..♣♣♣♣♣ ♣♣≈≈.♣≈≈≈≈≈≈≈≈..
♣..≈..♣....♣♣ ♣♣.≈♣≈..≈..≈≈≈≈
♣♣.♣<.♣♣.....♣♣
♣♣≈.≈≈≈≈≈≈≈≈≈≈
♣....♣♣♣##.#..♣♣
♣♣.≈§≈.≈..≈≈≈


You could see a phantasmal warrior.

Vanquished Creatures
  Rupert (D:14)
  3 thorn hunters (Swamp:2)
  A tengu reaver (D:13)
  A fenstrider witch (Swamp:4)
  Louise (Swamp:3)
  A minotaur (Gauntlet)
  A red draconian (Volcano)
  A vampire knight (Swamp:4)
  3 bunyips
  A dire elephant (D:15)
  Snorg (Lair:5)
  3 ogre magi
  An eleionoma (Swamp:3)
  2 fire dragons (D:13)
  A yaktaur captain (D:13)
  3 shambling mangroves (Swamp:2)
  19 hydras
  Harold (D:11)
  6 boulder beetles
  2 catoblepae
  4 centaur warriors
  8 alligators
  2 ghost crabs
  11 two-headed ogres
  A deep troll shaman (Lair:6)
  An orc high priest (Orc:1)
  A tengu warrior (D:14)
  8 death yaks (Lair:6)
  Urug (D:11)
  Nergalle (Orc:2)
  3 goliath frogs
  5 skeletal warriors (D:14)
  2 unseen horrors
  2 spectral hydras
  A flayed ghost (D:13)
  A spriggan druid (Swamp:2)
  6 swamp dragons
  A phantasmal warrior (Swamp:4)
  2 orc knights
  Pikel (D:7)
  A wolf spider (D:15)
  2 lindwurms
  3 necromancers
  2 wolf spider zombies
  A harpy (shapeshifter) (D:15)
  8 orc sorcerers (Orc:2)
  A salamander (D:15)
  2 oklob plants (Swamp:2)
  4 ugly things
  A will-o-the-wisp (Swamp:3)
  A cyclops (D:15)
  A manticore (D:13)
  Joseph (D:9)
  Maurice (D:8)
  7 elephants (Lair:6)
  Psyche (D:9)
  2 black mambas
  A torpor snail (Lair:2)
  A kobold demonologist (D:12)
  8 cane toads
  2 rime drakes (Lair:6)
  A tengu conjurer (D:15)
  2 freezing wraiths
  A yaktaur (D:13)
  7 komodo dragons
  2 ice devils (Lair:2)
  A meliai (D:13)
  A merfolk (D:15)
  8 trolls
  A polar bear (Lair:2)
  A queen bee (Lair:1)
  A wind drake (shapeshifter) (D:13)
  12 hornets
  Grinder (D:3)
  6 tyrant leeches
  6 slime creatures
  9 blink frogs
  10 dream sheep
  2 raiju (Gauntlet)
  5 spriggans
  A shadow (D:15)
  2 vampires
  16 humans (D:14)
  6 wraiths
  5 wyverns
  51 yaks
  4 basilisks
  Grum (D:9)
  3 fire bats (Lair:4)
  13 vampire mosquitoes
  12 swamp worms
  A warg (Orc:2)
  16 water moccasins
  5 swamp drakes (Swamp:4)
  3 black bears
  11 orc warriors
  2 elephant zombies (Lair:4)
  15 ogres
  9 sky beasts
  2 necrophages
  5 ice beasts
  3 phantoms
  14 centaurs
  66 wolves
  3 big kobolds
  17 bullfrogs
  3 gnoll sergeants (D:9)
  7 scorpions
  31 killer bees
  19 wights
  3 electric eels (Lair:4)
  7 howler monkeys
  A basilisk zombie (Lair:4)
  4 centaur zombies
  5 bullfrog zombies
  Crazy Yiuf (D:4)
  8 jellies
  2 gnoll shamans (D:5)
  7 orc priests
  3 centaur skeletons
  8 hounds
  4 iguanas
  32 orc wizards
  Jessica (D:2)
  A bullfrog skeleton (D:12)
  10 hell rats
  2 lightning spires (Gauntlet)
  13 worker ants
  A hound zombie (D:7)
  2 hound skeletons
  3 worker ant zombies
  19 gnolls
  7 adders
  2 white imps
  3 ufetubi
  2 oozes (Lair:5)
  3 adder zombies
  2 adder skeletons (D:6)
  7 worms
  2 dart slugs
  6 leopard geckos
  64 orcs
  2 ball pythons
  9 bats
  8 giant cockroaches
  10 goblins
  2 hobgoblins
  12 jackals
  11 kobolds
  7 quokkas
  7 frilled lizards
  A giant cockroach zombie (D:1)
  A leopard gecko zombie (D:6)
  8 rats
  A bush (D:4)
903 creatures vanquished.

Vanquished Creatures (others)
  2 alligators (Swamp:3)
  2 goliath frogs
  A will-o-the-wisp (Swamp:3)
  A tyrant leech (Swamp:3)
  4 swamp worms (Swamp:3)
  2 orc wizards (Orc:2)
  An orc (Orc:2)
  15 foxfires (Swamp:3)
  18 fungi
  32 plants
  14 withered plants (Gauntlet)
92 creatures vanquished.

Grand Total: 995 creatures vanquished

Notes
Turn   | Place    | Note
-------+----------+-------------------------------------------
     0 | D:1      | wakim the Minotaur Fighter began the quest for the Orb.
     0 | D:1      | Reached XP level 1. HP: 19/19 MP: 0/0
    75 | D:1      | Reached XP level 2. HP: 22/27 MP: 1/1
   326 | D:1      | Reached XP level 3. HP: 29/33 MP: 2/2
   390 | D:1      | Reached skill level 4 in Fighting
  1170 | D:2      | Noticed a centaur
  1182 | D:2      | Killed a centaur
  1183 | D:2      | Reached XP level 4. HP: 41/41 MP: 3/3
  1199 | D:2      | Reached XP level 5. HP: 40/47 MP: 4/4
  1251 | D:2      | Found a sparkling altar of Nemelex Xobeh.
  1687 | D:2      | Noticed Jessica
  1690 | D:2      | Killed Jessica
  2079 | D:3      | Reached skill level 5 in Axes
  2122 | D:3      | Reached XP level 6. HP: 44/55 MP: 5/5
  2270 | D:3      | Reached skill level 5 in Shields
  2275 | D:3      | Reached skill level 5 in Fighting
  2278 | D:3      | Reached skill level 5 in Armour
  2678 | D:3      | Noticed a water moccasin
  2692 | D:3      | Killed a water moccasin
  3046 | D:3      | Noticed Grinder
  3119 | D:4      | Noticed a sky beast
  3134 | D:4      | Killed a sky beast
  3135 | D:4      | Reached XP level 7. HP: 55/61 MP: 6/6
  3216 | D:4      | Found an iron altar of Okawaru.
  3402 | D:4      | Found the +8 demon blade "Leech" {vamp, *Rage +Rage rN+}
  3508 | D:4      | Reached skill level 1 in Long Blades
  4088 | D:4      | Found a runed translucent door.
  4089 | D:4      | Noticed Crazy Yiuf
  4097 | D:4      | Killed Crazy Yiuf
  4405 | D:3      | Found a hazy altar of Hepliaklqana.
  4427 | D:3      | Paralysed by Grinder for 5 turns
  4439 | D:3      | Killed Grinder
  4440 | D:3      | Reached skill level 6 in Fighting
  4440 | D:3      | Reached XP level 8. HP: 70/70 MP: 7/7
  4519 | D:5      | Entered Level 5 of the Dungeon
  4664 | D:5      | Found a staircase to the Ecumenical Temple.
  4673 | Temple   | Entered the Ecumenical Temple
  4683 | Temple   | Became a worshipper of Trog the Wrathful
  4797 | D:5      | Reached skill level 1 in Evocations
  4844 | D:5      | Reached skill level 5 in Long Blades
  4969 | D:5      | Reached * piety under Trog
  4970 | D:5      | Reached skill level 7 in Fighting
  5421 | D:6      | Reached XP level 9. HP: 79/79 MP: 8/8
  6219 | D:7      | Reached ** piety under Trog
  6227 | D:7      | Noticed Pikel
  6242 | D:7      | Killed Pikel
  6243 | D:7      | Reached skill level 8 in Fighting
  6499 | D:7      | Reached XP level 10. HP: 70/88 MP: 9/9
  6797 | D:7      | Found the +5 scythe "Finisher" {speed, eviscerate}
  6836 | D:7      | Found a blossoming altar of Fedhas.
  6842 | D:7      | Found a hide-covered altar of Uskayaw.
  6845 | D:7      | Found a white marble altar of Elyvilon.
  7006 | D:8      | Found a staircase to the Lair.
  7016 | D:8      | Found a shimmering altar of Xom.
  7017 | D:8      | Found a shimmering altar of Xom.
  7018 | D:8      | Found a shimmering altar of Xom.
  7019 | D:8      | Found a shimmering altar of Xom.
  7022 | D:8      | Found a shimmering altar of Xom.
  7023 | D:8      | Found a shimmering altar of Xom.
  7036 | D:8      | Got a smoking hunting sling
  7045 | D:8      | Identified the cursed +0 hunting sling of the Maze {vorpal,
                  | rN+ Dex+4} (You found it on level 8 of the Dungeon)
  7060 | D:8      | Noticed Maurice
  7085 | D:8      | Killed Maurice
  7179 | D:8      | Found a blossoming altar of Fedhas.
  7354 | D:8      | Noticed a cyclops
  7354 | D:8      | a wind drake changed into a cyclops
  7396 | D:9      | Reached *** piety under Trog
  7416 | D:9      | Noticed Joseph
  7418 | D:9      | Noticed Psyche
  7441 | D:9      | Killed Psyche
  7448 | D:9      | Killed Joseph
  7694 | D:9      | Noticed Grum
  7715 | D:9      | Killed Grum
  7716 | D:9      | Reached skill level 9 in Fighting
  7763 | D:9      | Noticed a two-headed ogre
  7778 | D:9      | Killed a two-headed ogre
  7783 | D:9      | Reached skill level 10 in Long Blades
  7852 | D:9      | Reached XP level 11. HP: 97/97 MP: 10/10
  7904 | D:9      | Found Muadgh's Weapon Emporium.
  8075 | D:9      | Found a staircase to the Orcish Mines.
  8089 | D:9      | Reached skill level 5 in Evocations
  8090 | D:9      | Reached **** piety under Trog
  8231 | D:10     | Entered Level 10 of the Dungeon
  8404 | D:10     | Found Zubbe Kagh's Book Shop.
  8491 | D:10     | Reached skill level 1 in Dodging
  8973 | D:11     | Noticed Harold
  8985 | D:11     | Killed Harold
  8986 | D:11     | Reached skill level 10 in Fighting
  8986 | D:11     | Reached skill level 10 in Armour
  9201 | D:11     | Killed an unseen horror
  9202 | D:11     | Reached skill level 10 in Shields
  9281 | D:11     | Found a portal to a secret trove of treasure.
  9368 | D:11     | Noticed Urug
  9383 | D:11     | Killed Urug
  9547 | D:12     | Reached XP level 12. HP: 106/106 MP: 11/11
  9549 | D:12     | Reached ***** piety under Trog
  9714 | D:12     | Noticed a boulder beetle
  9750 | D:12     | Killed a boulder beetle
  9773 | D:12     | Noticed a two-headed ogre
  9780 | D:12     | Killed a two-headed ogre
 10015 | D:12     | Found Voitaf's Antique Armour Boutique.
 10322 | D:13     | You fall into a shaft and drop 1 floor!
 10338 | D:14     | Noticed a centaur warrior
 10339 | D:14     | Noticed Rupert
 10339 | D:14     | Noticed a tengu warrior
 10375 | D:14     | Killed Rupert
 10376 | D:14     | Reached skill level 11 in Fighting
 10379 | D:14     | Killed a centaur warrior
 10380 | D:14     | Reached skill level 5 in Dodging
 10397 | D:14     | Killed a tengu warrior
 10443 | D:14     | Reached XP level 13. HP: 116/116 MP: 12/12
 10463 | D:14     | Found a gate to the Vaults.
 11216 | D:15     | Entered Level 15 of the Dungeon
 11575 | D:15     | Found a staircase to the Depths.
 11575 | D:15     | Noticed a dire elephant
 11595 | D:15     | Reached skill level 12 in Fighting
 11598 | D:15     | Killed a dire elephant
 11756 | D:15     | Found a shimmering altar of Xom.
 12584 | D:12     | Bought a transparent plate armour for 672 gold pieces
 12595 | D:12     | Identified the +9 plate armour of the Ten Scars {rElec
                  | Str+5 Slay-4} (You bought it in a shop on level 12 of the
                  | Dungeon)
 12595 | D:12     | Gained mutation: You evolve. [potion of mutation]
 12595 | D:12     | Gained mutation: You expend magic power (3 MP) to
                  | strengthen your wands. [potion of mutation]
 12728 | D:13     | Reached skill level 15 in Long Blades
 12843 | D:13     | Found a runed translucent door.
 12858 | D:13     | Reached XP level 14. HP: 127/127 MP: 13/13
 12866 | D:13     | Found a runed translucent door.
 13165 | D:13     | Found a runed translucent door.
 13232 | D:13     | Reached ****** piety under Trog
 13348 | D:13     | Noticed a tengu reaver
 13359 | D:13     | Killed a tengu reaver
 13455 | D:13     | Received a gift from Trog
 13831 | Lair:1   | Entered Level 1 of the Lair of Beasts
 13882 | Lair:1   | Found a gate leading to a gauntlet.
 13891 | Gauntlet | Entered a Gauntlet
 13891 | Gauntlet | Found a transporter.
 13891 | Gauntlet | Found a transporter.
 13895 | Gauntlet | Found a transporter.
 13895 | Gauntlet | Found a transporter.
 13906 | Gauntlet | Found a transporter.
 13947 | Gauntlet | Found a transporter.
 13949 | Gauntlet | Found a transporter.
 13956 | Gauntlet | Found a transporter.
 13956 | Gauntlet | Found a transporter.
 13962 | Gauntlet | Found a transporter.
 13982 | Gauntlet | Found a transporter.
 14068 | Gauntlet | Found a transporter.
 14084 | Gauntlet | Found a transporter.
 14168 | Gauntlet | Found a transporter.
 14183 | Gauntlet | Found a transporter.
 14197 | Gauntlet | Found a transporter.
 14427 | Gauntlet | Got a pitted cloak
 14438 | Gauntlet | Identified the +0 cloak "Buokh" {rElec Int+2} (You found it
                  | in a Gauntlet)
 14476 | Gauntlet | Gained mutation: Armour fits poorly on your strangely
                  | shaped body. [evolution]
 14583 | Gauntlet | Identified Sif Muna's Incunabulum of Displacement and Air
 14583 | Gauntlet | Identified Sif Muna's Incunabulum of Doomed Enchantment
 14722 | Lair:1   | Reached skill level 13 in Fighting
 15353 | Lair:2   | Got a bloodstained rapier
 15747 | Lair:2   | Received a gift from Trog
 16070 | Lair:2   | Got a scorched marble ring
 16075 | Lair:2   | Identified a ring of the Chopping King {*Drain rN++ Str-3
                  | Int+10 Stlth+} (You found it on level 2 of the Lair of
                  | Beasts)
 16227 | Lair:2   | Identified the cursed +3 rapier "Meg Axt" {vorpal, Int+3
                  | Dex+4} (You found it on level 2 of the Lair of Beasts)
 16305 | Lair:3   | Found a staircase to the Swamp.
 16426 | Lair:3   | Found a hole to the Spider Nest.
 16637 | Lair:3   | Lost mutation: Armour fits poorly on your strangely shaped
                  | body. [evolution]
 17305 | Lair:4   | Found a dark tunnel.
 17314 | Volcano  | Entered a volcano
 17335 | Volcano  | Found a burning altar of Makhleb.
 17357 | Volcano  | Reached XP level 15. HP: 119/123 MP: 14/14
 18017 | Lair:4   | Received a gift from Trog
 18168 | Lair:4   | Reached skill level 14 in Fighting
 18434 | Lair:5   | Found a staircase to the Slime Pits.
 18736 | Lair:5   | Noticed Snorg
 18757 | Lair:5   | Killed Snorg
 19400 | Lair:6   | Entered Level 6 of the Lair of Beasts
 19406 | Lair:6   | Reached skill level 10 in Dodging
 19448 | Lair:6   | Identified a scroll of acquirement
 19448 | Lair:6   | Acquired a manual of Fighting
 19698 | Lair:6   | Reached skill level 15 in Fighting
 20337 | Lair:6   | Received a gift from Trog
 20352 | Lair:6   | Reached skill level 16 in Fighting
 20740 | Orc:1    | Entered Level 1 of the Orcish Mines
 20906 | Orc:2    | Entered Level 2 of the Orcish Mines
 21123 | Orc:2    | Found a roughly hewn altar of Beogh.
 21137 | Orc:2    | Found a staircase to the Elven Halls.
 21198 | Orc:2    | Found Adavvex's Gadget Shop.
 21207 | Orc:2    | Noticed Nergalle
 21210 | Orc:2    | Paralysed by an orc sorcerer for 3 turns
 21218 | Orc:2    | Found an ancient bone altar of Kikubaaqudgha.
 21225 | Orc:2    | Gained mutation: You have a pair of large horns on your
                  | head. [evolution]
 21243 | Orc:2    | Received a gift from Trog
 21245 | Orc:2    | Killed Nergalle
 21253 | Orc:2    | Reached XP level 16. HP: 152/152 MP: 15/15
 21374 | Orc:2    | Found a radiant altar of Vehumet.
 21395 | Orc:2    | Found a roughly hewn altar of Beogh.
 21395 | Orc:2    | Found Lubages's Gadget Shop.
 21402 | Orc:2    | Found Loypsape's Antique Armour Shop.
 21410 | Orc:2    | Found Xeqysom's Magic Scroll Boutique.
 22069 | Swamp:1  | Entered Level 1 of the Swamp
 22277 | Swamp:1  | Reached skill level 17 in Fighting
 22620 | Swamp:2  | Noticed a thorn hunter
 22636 | Swamp:2  | Killed a thorn hunter
 22680 | Swamp:2  | Noticed a thorn hunter
 22696 | Swamp:2  | Killed a thorn hunter
 22709 | Swamp:2  | Noticed a thorn hunter
 22732 | Swamp:2  | Killed a thorn hunter
 22733 | Swamp:2  | Reached skill level 15 in Armour
 22746 | Swamp:2  | Reached skill level 18 in Fighting
 22746 | Swamp:2  | Reached skill level 15 in Shields
 23027 | Swamp:2  | Received a gift from Trog
 23421 | Swamp:3  | Noticed Louise
 23443 | Swamp:3  | Killed Louise
 23587 | Swamp:3  | Reached skill level 19 in Fighting
 23675 | Swamp:3  | Gained mutation: Your system is resistant to poisons.
                  | (rPois) [evolution]
 24106 | Swamp:4  | Entered Level 4 of the Swamp
 24310 | Swamp:3  | HP: 6/160 [spectral seven-headed hydra (9)]
 24312 | Swamp:3  | Mangled by a phantasmal warrior

Illustrated notes

Levels and vault maps discovered:
D:1:      saegor_arrival_fortress, layout_loops_ring
D:2:      layout_loops_ring, marbit_many_paths, uniq_jessica
D:3:      layout_basic, general_overflow_altar, uniq_grinder
D:4:      layout_basic, okawaru_gym_becter, uniq_crazy_yiuf_cottage
D:5:      layout_loops_cross, minmay_temple_entry_drinking_statues,
          minmay_misc_feat_diagonals, grunt_ministairs_8,
          chequers_serial_rivers_micro_e
D:6:      minmay_chambers_of_fours, layout_gridville, fountainhead
D:7:      layout_cave_pools, grunt_temple_overflow_open, st_stairs_1,
          minmay_guarded_unrand_finisher, uniq_pikel
D:8:      layout_rooms, xom_shifter_show, lair_entry_dummy, fedhas_altar_1,
          uniq_maurice
D:9:      layout_small_grid, kennysheep_orc_monster_closet_entryway,
          serial_shops, nicolae_shop_crystal, kennysheep_generic_room_2,
          uniq_grum, uniq_psyche, uniq_joseph
D:10:     layout_rooms, serial_shops, shop
D:11:     layout_loops_ring, enter_trove_3, uniq_urug, uniq_harold
D:12:     minmay_evil_eye, layout_irregular_city, serial_shops, shop,
          chequers_serial_rivers_small_b, st_stairs_13
D:13:     minmay_sliced_demisemicircle, layout_cave_pods, mikee_hates_you
D:14:     layout_basic, david_vaults_3, hangedman_decor_growths
D:15:     hangedman_depths_entry_try_elsewhere_first, layout_layer_cave,
          serial_bayou_pond_e, basic_altar
Temple:   regret_index_temple_sphere_string
Lair:1:   layout_roguey [special_room_bee], gauntlet_entry_generic,
          grunt_megastairs_2, infiniplex_staircase_pool
Lair:2:   layout_gridlike, portal_ice_cave_demonic_guard,
          grunt_forest_large_clearings, serial_bayou_shore_b, lemuel_fruit_tree
Lair:3:   layout_cave_pods, minmay_swamp_entry_swarm,
          nicolae_spider_entry_non_spiders
Lair:4:   pond_and_an_island_with_a_cottage, layout_loops_ring,
          nicolae_volcano_entry_batcave
Lair:5:   layout_small_grid, nicolae_slime_entry_slimehenge,
          serial_bayou_shore_b, uniq_snorg
Lair:6:   grunt_lair_end_beastmaster, layout_regular_city
Swamp:1:  layout_falls_marsh, evilmike_swamp_ruin_rubble_2
Swamp:2:  nicolae_swamp_phyte_club, layout_basic_swamp, hangedman_swamp_blocks
Swamp:3:  layout_falls_marsh, evilmike_swamp_ruin_house_5, swamp_pool1,
          uniq_louise
Swamp:4:  byrel_swamp_growth_death_and_undeath, layout_basic_swamp, swamp_pool1
Orc:1:    layout_caves, uniq_erolcha
Orc:2:    kennysheep_orc_mage_school, layout_diamond_mine, basic_altar

Skill      XL: |  1  2  3  4  5  6  7  8  9 10 11 12 13 14 15 16 |
---------------+-------------------------------------------------+-----
Axes           | 3 4 5 6 7 8 |  8.0
Shields        | 4 5 6 7 8 9 10 11 12 13 14 15 | 15.6
Fighting       | 4 5 6 7 8 9 10 11 12 13 16 19 | 19.8
Armour         | 4 5 6 7 8 9 10 11 12 13 14 15 | 15.6
Long Blades    | 3 5 8 10 11 13 15 16 | 16.0
Evocations     | 2 3 4 6 7 9 |  9.0
Dodging        | 2 5 7 9 10 | 10.0

Action                   |  1- 3 |  4- 6 |  7- 9 | 10-12 | 13-15 | 16-18 || total
-------------------------+-------+-------+-------+-------+-------+-------++-------
Melee: War axe           |   110 |   149 |    25 |       |    28 |     5 ||   317
       Headbutt          |    12 |    24 |    56 |   107 |   322 |   125 ||   646
       Demon blade       |       |       |   262 |   601 |  1349 |   449 ||  2661
Invok: Berserk           |       |       |     1 |     1 |     3 |       ||     5
       Trog's Hand       |       |       |       |     1 |     3 |     2 ||     6
       Brothers in Arms  |       |       |       |       |     1 |       ||     1
  Use: Scroll            |       |       |       |    13 |    18 |       ||    31
       Potion            |       |       |       |       |     4 |     1 ||     5
 Stab: Petrified         |       |       |       |       |     7 |       ||     7
Armor: Scale mail        |    63 |    56 |   101 |       |       |       ||   220
       Chain mail        |       |       |     4 |   114 |       |       ||   118
       Plate armour      |       |       |       |   105 |   478 |   382 ||   965
Dodge: Dodged            |    33 |    27 |    46 |    77 |   235 |   203 ||   621
Block: Kite shield       |    57 |    79 |    14 |       |       |       ||   150
       Tower shield      |       |       |   240 |   557 |  1495 |   709 ||  3001
       Reflection        |       |       |       |     6 |    31 |    19 ||    56
       Rpst.: Demon blade |       |       |    15 |    14 |    53 |    21 ||   103
